 Dungeon Crawl Stone Soup version 0.30.1-8-g117510f58f (webtiles) character file.

Game seed: 1946087334959279287

1914 NullDivider the Sneak (level 9, -1/51 HPs)
             Began as an Octopode Venom Mage on Sept 23, 2023.
             Was a Believer of Wu Jian.
             Slain by an orc
             ... wielding a +0 club
              (2 damage)
             ... on level 6 of the Dungeon.
             The game lasted 00:47:58 (6839 turns).

NullDivider the Sneak (Octopode Venom Mage)         Turns: 6839, Time: 00:47:58

Health: -1/51      AC: -3    Str:  7    XL:     9   Next: 16%
Magic:  12/16      EV: 15    Int: 24    God:    Wu Jian [**....]
Gold:   301        SH:  0    Dex: 16    Spells: 1/17 levels left

rFire   . . .        q - +0 short sword (elec)
rCold   + . .        (no shield)
rNeg    . . .        (helmet restricted)
rPois   .            f - amulet of faith
rElec   .            d - +6 ring of intelligence
rCorr   .            w - ring of protection from cold
SInv    .            (no ring)
Will    .....        (no ring)
Stlth   +++++        (no ring)
HPRegen 0.28/turn    (no ring)
MPRegen 0.15/turn    (no ring)
                     (no ring)

%: faith
@: corroded
A: almost no armour, amphibious, 8 rings, camouflage 1, gelatinous body 1,
(nimble swimmer 1), tentacles
a: Renounce Religion, Wall Jump


You were on level 6 of the Dungeon.
You worshipped Wu Jian.
Wu Jian was pleased with you.
You visited 2 branches of the dungeon, and saw 7 of its levels.

You collected 301 gold pieces.

Inventory:

Hand Weapons
 q - a +0 short sword of electrocution (weapon)
 z - a +0 dagger of venom
 A - a +1 dagger of flaming
Jewellery
 d - a +6 ring of intelligence (left tentacle)
 f - an amulet of faith (around mantle)
 w - a ring of protection from cold (right tentacle)
 y - an amulet of magic regeneration
Scrolls
 c - a scroll of brand weapon {unknown}
 e - 6 scrolls of teleportation
 h - 2 scrolls of vulnerability {unknown}
 j - 2 scrolls of blinking
 k - a scroll of enchant weapon {unknown}
 m - 2 scrolls of identify {unknown}
 n - a scroll of silence {unknown}
 o - a scroll of immolation {unknown}
 s - a scroll of fog {unknown}
 x - a scroll of poison {unknown}
Potions
 a - a potion of magic
 b - 3 potions of curing {unknown}
 g - a potion of attraction {unknown}
 i - 2 potions of flight {unknown}
 l - a potion of mutation {unknown}
 p - a potion of might {unknown}
 r - 2 potions of cancellation {unknown}
 t - a potion of heal wounds {unknown}
 u - a potion of brilliance {unknown}
 v - a potion of lignification {unknown}


   Skills:
 + Level 4.1 Short Blades
 + Level 5.1 Dodging
 + Level 7.4 Stealth
 + Level 4.8 Spellcasting
 - Level 1.0 Transmutations
 + Level 2.6 Ice Magic
 - Level 3.1 Air Magic
 + Level 6.9 Poison Magic


You had one spell level left.
You knew the following spells:

 Your Spells              Type           Power      Damage    Failure   Level
a - Sting                 Tmut/Pois      96%        1d7       1%          1
b - Poisonous Vapours     Pois/Air       60%        N/A       1%          2
c - Mephitic Cloud        Conj/Pois/Air  21%        N/A       7%          3
d - Olgreb's Toxic Radia  Pois           39%        N/A       5%          4
e - Ensorcelled Hibernat  Hex/Ice        24%        N/A       8%          2
f - Dispel Undead         Necr           5%         3d7       65%         4

Your spell library contained the following spells:

 Spells                   Type           Power      Damage    Failure   Level
 Sandblast                Erth           10%        2d5       9%          1
 Cigotuvi's Dreadful Rot  Necr/Pois/Air  42%        N/A       3%          2
 Spider Form              Tmut/Pois      24%        N/A       5%          3
 Passwall                 Tmut/Erth      6%         N/A       11%         2
 Call Canine Familiar     Summ           5%         N/A       26%         3
 Portal Projectile        Hex/Tloc       10%        N/A       26%         3
 Stone Arrow              Conj/Erth      10%        3d7       26%         3
 Petrify                  Tmut/Erth      8%         N/A       58%         4
 Anguish                  Hex/Necr       2%         N/A       65%         4
 Leda's Liquefaction      Hex/Erth       2%         N/A       65%         4
 Metabolic Englaciation   Hex/Ice        6%         N/A       82%         5
 Death Channel            Necr           2%         N/A       100%        6
 Iron Shot                Conj/Erth      2%         9d2       100%        6
 Statue Form              Tmut/Erth      5%         N/A       100%        6
 Dragon's Call            Summ           2%         N/A       100%        9


Dungeon Overview and Level Annotations

Branches:
Dungeon (6/15)             Temple (1/1) D:4

Altars:
Dithmenos
Elyvilon
Fedhas
Hepliaklqana
Kikubaaqudgha
Nemelex Xobeh
Ru
Sif Muna
Trog
Uskayaw
Vehumet
Wu Jian
Xom
Yredelemnul
Zin
The Shining One

Shops:
D:5 :*


Innate Abilities, Weirdness & Mutations

You cannot wear most types of armour.
You are amphibious.
You can wear up to eight rings at the same time.
Your skin changes colour to match your surroundings (Stealth+).
Your rubbery body absorbs attacks. (AC +1, EV +1)
((You are camouflaged when in or above water. (Stealth+)))
You have tentacles for arms and can constrict up to eight enemies at once.


Message History

The Council accepts your kill.
The orc wizard gestures at you while chanting.
You are confused.
You bump into the rock wall.
You kill the orc wizard!
The Council accepts your kill.
Items here: ( )) ÷ †.
You're too confused to cast spells.
You are too confused!
You're too confused to cast spells.
Okay, then.
The jelly hits you.
You are splashed with acid!
You bump into the rock wall.
You feel less confused. The jelly hits you. The acid corrodes you!
You are splashed with acid!
You spin and attack the jelly.
You hit the jelly but do no damage.
Your tentacles burn!
The jelly completely misses you.
You hit the jelly.
Your tentacles burn!
The jelly is lightly wounded.
The jelly closely misses you. The orc closely misses you.
You hit the jelly but do no damage.
Your tentacles burn!
The jelly is lightly wounded.
You hit the jelly but do no damage. Lightning courses through the jelly!
Your tentacles burn!
The jelly is heavily wounded.
The jelly closely misses you. The orc misses you.
You hit the jelly but do no damage.
Your tentacles burn!
The jelly is heavily wounded.
The jelly closely misses you. The orc hits you with a +0 club.
* * * LOW HITPOINT WARNING * * *
You hit the jelly.
Your tentacles burn!
* * * LOW HITPOINT WARNING * * *
You squeeze the jelly, but do no damage.
The jelly is severely wounded.
The jelly hits you.
* * * LOW HITPOINT WARNING * * *
You are splashed with acid!
* * * LOW HITPOINT WARNING * * *
The orc hits you with a +0 club.
You die...

#..........# #
#......... #.
#....)...# #..
#.......## ###..#
#.....)<.# ##..###
####..#).## ##(.#...
#####(.## ###.(#....
##Jo# ##..)#.....
####.@.#####..)#....<.
##....)...##((.##......
#...........÷(##.......
#.......()...###.......
#...........## #.......
#............# ##......
#....^.).....# #......
#............# #......
#..>..........#


You could see a jelly and an orc.

Vanquished Creatures
  Sigmund (D:5)
  Menkaure (D:5)
  A water moccasin (D:6)
  A black bear (D:4)
  An ogre (D:6)
  A wolf (D:5)
  2 kobold brigands (D:6)
  3 gnoll sergeants (D:5)
  3 scorpions (D:5)
  8 hounds
  2 gnoll boudas (D:5)
  3 iguanas
  An orc wizard (D:6)
  Robin (D:3)
  21 gnolls
  6 adders
  An ufetubus (D:4)
  A worm (D:2)
  2 dart slugs
  7 orcs
  7 ball pythons
  8 endoplasms
  4 giant cockroaches
  16 goblins
  8 hobgoblins
  A jackal (D:5)
  6 quokkas
  9 bats
  5 frilled lizards
  18 kobolds
  3 rats
152 creatures vanquished.

Notes
Turn   | Place    | Note
-------+----------+-------------------------------------------
     0 | D:1      | NullDivider the Octopode Venom Mage began the quest for the
                  | Orb.
     0 | D:1      | Reached XP level 1. HP: 11/11 MP: 3/3
   199 | D:1      | Reached skill level 3 in Stealth
   199 | D:1      | Reached XP level 2. HP: 17/17 MP: 1/5
   240 | D:1      | Learned a level 2 spell: Poisonous Vapours
   454 | D:1      | Reached XP level 3. HP: 21/21 MP: 4/6
   827 | D:1      | Learned a level 3 spell: Mephitic Cloud
  1462 | D:2      | Reached XP level 4. HP: 27/27 MP: 1/7
  1571 | D:2      | Got the Folio of Indurated Companions
  1691 | D:2      | HP: 1/27 [iguana (5)]
  1693 | D:2      | Reached skill level 1 in Air Magic
  2300 | D:2      | Reached skill level 4 in Stealth
  2409 | D:3      | Found a faded altar of an unknown god.
  2534 | D:3      | Reached XP level 5. HP: 22/31 MP: 7/9
  2603 | D:3      | Found a sacrificial altar of Ru.
  2867 | D:3      | Noticed Robin
  3240 | D:3      | Found a bloodstained altar of Trog.
  3284 | D:3      | Found a shimmering altar of Xom.
  3285 | D:3      | Found a sparkling altar of Nemelex Xobeh.
  3435 | D:3      | Found a glowing golden altar of the Shining One.
  3584 | D:3      | Killed Robin
  3822 | D:4      | Learned a level 4 spell: Olgreb's Toxic Radiance
  3829 | D:4      | Noticed a black bear
  3848 | D:4      | Killed a black bear
  3849 | D:4      | Reached skill level 1 in Short Blades
  3849 | D:4      | Reached XP level 6. HP: 23/36 MP: 3/10
  4117 | D:4      | Found a staircase to the Ecumenical Temple.
  4319 | Temple   | Entered the Ecumenical Temple
  4326 | Temple   | Became a worshipper of the Wu Jian Council
  4418 | D:5      | Entered Level 5 of the Dungeon
  4434 | D:5      | Found Gaicvifo's Assorted Antiques.
  4443 | D:5      | Reached skill level 5 in Poison Magic
  4712 | D:5      | Reached skill level 5 in Stealth
  4712 | D:5      | Reached XP level 7. HP: 41/41 MP: 1/12
  4895 | D:5      | Noticed Sigmund
  4906 | D:5      | Killed Sigmund
  5193 | D:5      | Reached XP level 8. HP: 38/46 MP: 3/13
  5223 | D:5      | Reached skill level 6 in Stealth
  5303 | D:5      | Learned a level 2 spell: Ensorcelled Hibernation
  5487 | D:5      | Reached * piety under Wu Jian
  5908 | D:5      | Found Mieth's Book Emporium.
  5910 | D:5      | Reached skill level 1 in Ice Magic
  5962 | D:5      | Noticed Menkaure
  5971 | D:5      | Killed Menkaure
  6185 | D:5      | Found a hide-covered altar of Uskayaw.
  6490 | D:6      | Reached skill level 7 in Stealth
  6491 | D:6      | Reached ** piety under Wu Jian
  6492 | D:6      | Reached XP level 9. HP: 51/51 MP: 6/15
  6501 | D:6      | Reached skill level 5 in Dodging
  6783 | D:5      | Learned a level 4 spell: Dispel Undead
  6839 | D:6      | HP: 1/51 [acid (7)]
  6839 | D:6      | Slain by an orc

Illustrated notes

Levels and vault maps discovered:
D:1:      dpeg_arrival_round_b, layout_basic, kennysheep_boxes
D:2:      layout_rooms
D:3:      layout_basic, mainiacjoe_overflow_catch_the_wave,
          lightli_temple_of_fire, mainiacjoe_overflow_catwalk_spiral,
          hellmonk_ecumenical_altar_heavens_door, uniq_robin
D:4:      layout_cave_pools, minmay_temple_entry_tees
D:5:      layout_cave_pools, lemuel_tele_altar, serial_gnoll_camp,
          gnoll_camp_mini_shop, gnoll_camp_huts_moat, gnoll_camp_mini_hut,
          gnoll_camp_mini_shop, gnoll_camp_mini_hut, uniq_sigmund, uniq_menkaure
D:6:      layout_cave_pods
Temple:   eino_temple_lava

Skill      XL: |  1  2  3  4  5  6  7  8  9 |
---------------+----------------------------+-----
Stealth        | 3 4 5 7 |  7.4
Poison Magic   | 4 5 6 |  6.9
Air Magic      | 1 2 3 |  3.1
Dodging        | 3 4 5 |  5.1
Spellcasting   | 3 4 |  4.8
Short Blades   | 1 2 3 4 |  4.1
Ice Magic      | 2 |  2.6
Transmutations | |  1.0

Action                     |  1- 3 |  4- 6 |  7- 9 || total
---------------------------+-------+-------+-------++-------
  Melee: Unarmed           |    36 |    24 |       ||    60
         Constrict         |    10 |    17 |     9 ||    36
         Tentacles         |     6 |     9 |    11 ||    26
         Short sword       |       |    29 |    59 ||    88
   Cast: Sting             |    35 |    42 |    31 ||   108
         Poisonous Vapours |     8 |    44 |    60 ||   112
         Mephitic Cloud    |       |     3 |     1 ||     4
         Olgreb's Toxic Ra |       |     1 |     3 ||     4
Ability: Lunge             |       |       |     7 ||     7
         Whirlwind         |       |       |     4 ||     4
    Use: Scroll            |       |     1 |     1 ||     2
   Stab: Sleeping          |     5 |     5 |     7 ||    17
         Confused          |       |     3 |       ||     3
 Armour: Skin              |     2 |     2 |     1 ||     5
  Dodge: Dodged            |    23 |    50 |    54 ||   127
